Map: Protocole central

Players

Closer - Winner!

  • Race: Zerg Zerg
  • League: Diamond

Worming

  • Race: Zerg Zerg
  • League: Diamond

VOD

Have the link to the VOD?

Description

Time

  • Played on: Dec. 16, 2015, 12:58 p.m.
  • Length: 9:05
Show
View Real Time Build Order
Export as new Build Order

Closer Zerg - Winner!

Build Orders: Hatch First, Zergling Baneling 

Get SALT Encoding   

  12  0:00  Drone  
  13  0:12  Overlord  
  13  0:17  Drone  
  14  0:30  Drone x2  
  14  0:34  Drone  
  17  0:58  Drone, Hatchery  
  17  1:01  Drone  
  17  1:04  Extractor  
  17  1:06  Drone  
  18  1:21  Spawning Pool  
  18  1:24  Drone  
  18  1:28  Drone  
  19  1:46  Overlord  
  19  2:07  Metabolic Boost  
  19  2:09  Queen, Zergling x4  
  19  2:10  Queen  
  19  2:13  Zergling x2  
  26  2:16  Zergling x2  
  27  2:24  Zergling x4  
  29  2:35  Baneling Nest  
  28  2:39  Drone x2  
  30  2:44  Overlord  
  30  2:50  Drone  
  31  3:00  Spine Crawler  
  31  3:01  Zergling x2  
  31  3:03  Zergling x2  
  31  3:04  Zergling x2  
  33  3:09  Zergling x2  
  33  3:21  Zergling x8  
  27  3:36  Zergling x4  
  27  3:37  Zergling x4  
  31  3:47  Baneling x4  
  31  3:48  Baneling  
  29  3:53  Zergling x4  
  29  3:54  Zergling x2  
  26  4:20  Zergling x16  
  29  4:26  Baneling x3  
  29  4:35  Zergling x4  
  24  4:49  Zergling x6  
  24  4:50  Zergling x2  
  26  5:05  Queen  
  23  5:09  Drone  
  23  5:13  Baneling  
  22  5:30  Zergling x4  
  22  5:31  Zergling x2  
  22  5:33  Zergling x2  
  24  5:52  Drone x2  
  24  5:53  Drone x2  
  28  5:58  Baneling x2  
  28  6:08  Zergling x2  
  28  6:09  Zergling x2  
  30  6:13  Zergling x2  
  30  6:17  Baneling  
  30  6:18  Baneling  
  31  6:24  Drone x2  
  33  6:38  Zergling x6  
  35  6:41  Baneling x3  
  35  6:46  Zergling x2  
  36  6:49  Zergling x2  
  36  7:04  Zergling x2  
  36  7:05  Zergling x6  
  30  7:26  Zergling x14  
  30  7:27  Zergling x2  
  34  7:39  Zergling x2  
  34  7:40  Zergling x6  
  35  7:52  Spine Crawler  
  35  7:54  Zergling x4  
  35  8:10  Overlord  
  35  8:12  Zergling x2  
  33  8:13  Zergling x6  
  32  8:25  Roach Warren  
  31  8:32  Spine Crawler  
  30  8:35  Zergling x2  
Show
View Real Time Build Order
Export as new Build Order

Worming Zerg 

Build Orders: Pool First, Zergling Baneling 

Get SALT Encoding   

  12  0:01  Drone  
  13  0:12  Overlord  
  13  0:17  Drone  
  14  0:30  Drone x2  
  14  0:34  Drone  
  14  0:35  Extractor  
  16  0:50  Drone, Spawning Pool  
  16  0:56  Drone  
  17  1:07  Drone  
  18  1:17  Overlord  
  18  1:37  Metabolic Boost, Hatchery  
  17  1:46  Queen  
  19  1:50  Zergling x2  
  21  1:54  Zergling x2  
  21  2:04  Zergling x4  
  23  2:12  Baneling Nest  
  23  2:13  Zergling x2  
  23  2:26  Zergling x2  
  24  2:41  Zergling x2  
  25  2:57  Baneling  
  25  2:58  Baneling x5  
  25  3:04  Zergling x12  
  24  3:35  Zergling x4  
  24  3:36  Zergling x12  
  31  3:47  Baneling  
  31  3:48  Baneling  
  30  3:49  Baneling x2  
  30  3:50  Baneling x2  
  30  3:52  Zergling x6  
  27  4:21  Baneling x2  
  27  4:24  Zergling x14  
  28  4:28  Baneling x2  
  31  4:44  Zergling x4  
  31  4:45  Zergling x2  
  28  4:47  Baneling x2  
  22  5:12  Drone x2, Extractor  
  22  5:13  Drone  
  24  5:15  Drone  
  24  5:16  Drone  
  24  5:19  Baneling x2  
  23  5:36  Zergling x10  
  27  5:51  Queen  
  27  5:54  Lair  
  27  5:55  Spine Crawler  
  28  5:58  Drone  
  29  6:08  Drone x2  
  31  6:19  Roach Warren  
  30  6:26  Overlord  
  30  6:27  Drone  
  31  6:38  Baneling  
  31  6:39  Baneling x3  
  31  6:50  Spine Crawler  
  30  7:04  Baneling  
  30  7:05  Roach x5  
  35  7:18  Roach  
  35  7:19  Roach x3  
  31  7:40  Drone x2  
  31  7:41  Drone x3  
  35  7:49  Drone  
  33  8:07  Queen  
  27  8:15  Drone x2  
  26  8:22  Drone  
  27  8:32  Drone  
Tags
 
Add a new tag
Caveats
  • Supply blocks, unpowered buildings, or Contaminate may cause inaccurate times.
  • Supply counts are checked every 10 seconds.